 Dungeon Crawl Stone Soup version 0.29-a0-901-g46a8461d6a (webtiles) character file.

Game seed: 8128182087794712174

536 night the Grave Robber (level 7, -11/48 (51) HPs)
             Began as a Gnoll Necromancer on July 23, 2022.
             Was an Initiate of Ashenzari.
             Mangled by a wight
             ... wielding a +0 scimitar
              (12 damage)
             ... on level 4 of the Dungeon.
             The game lasted 00:07:37 (3053 turns).

night the Grave Robber (Gnoll Necromancer)          Turns: 3053, Time: 00:07:38

HP:   -11/48 (51)   AC:  7    Str:  8    XL:     7   Next: 25%
MP:   9/15          EV: 17    Int: 16    God:    Ashenzari [......]
Gold: 134           SH:  0    Dex: 12    Spells: 13/17 levels left

rFire   . . .      SeeInvis .   d - +0 short sword
rCold   . . .      Faith    .   (no shield)
rNeg    . . .      Spirit   .   a - +0 robe
rPois   .          Reflect  .   y - +0 helmet
rElec   .          Harm     .   (no cloak)
rCorr   .          Rampage  .   (no gloves)
Will    .....                   (no boots)
Stlth   +++.......              (no amulet)
HPRegen 0.16/turn               h - +4 ring of evasion
MPRegen 0.14/turn               p - +4 ring of protection

@: hasted, drained, very quick
A: fangs 1, strong nose, distributed training
a: Renounce Religion


You were on level 4 of the Dungeon.
You worshipped Ashenzari.
Ashenzari was noncommittal.
You visited 1 branch of the dungeon, and saw 4 of its levels.

You collected 134 gold pieces.

Inventory:

Hand Weapons
 d - a +0 short sword (weapon)
 k - a +0 war axe
Missiles
 e - 25 stones
 f - 26 poisoned darts
 v - 5 javelins
Armour
 a - a +0 robe (worn)
 y - a +0 helmet (worn)
Jewellery
 h - a +4 ring of evasion (left hand)
 p - a +4 ring of protection (right hand)
 t - an amulet of magic regeneration
Wands
 x - a wand of quicksilver (4)
Scrolls
 c - 4 scrolls of identify {unknown}
 g - 2 scrolls of amnesia
 i - a scroll of magic mapping {unknown}
 j - a scroll of brand weapon {unknown}
 o - a scroll of immolation {unknown}
 r - a scroll of fog {unknown}
 u - a scroll of silence {unknown}
Potions
 b - a potion of magic
 l - a potion of berserk rage {unknown}
 m - 2 potions of haste
 n - 3 potions of might {unknown}
 q - a potion of flight {unknown}
 s - a potion of curing {unknown}
 w - 2 potions of lignification {unknown}
 z - a potion of resistance {unknown}


   Skills:
 + Level 2.4 Fighting
 + Level 2.4 Short Blades
 + Level 2.4 Long Blades
 + Level 2.4 Axes
 + Level 2.4 Maces & Flails
 + Level 2.4 Polearms
 + Level 2.4 Staves
 + Level 2.4 Ranged Weapons
 + Level 2.4 Throwing
 + Level 2.4 Armour
 + Level 5.2 Dodging
 + Level 4.9 Stealth
 + Level 2.4 Shields
 + Level 2.4 Unarmed Combat
 + Level 5.6 Spellcasting
 + Level 2.0 Conjurations
 + Level 2.0 Hexes
 + Level 2.0 Summonings
 + Level 7.4 Necromancy
 + Level 2.0 Translocations
 + Level 2.0 Transmutations
 + Level 2.0 Fire Magic
 + Level 2.0 Ice Magic
 + Level 2.0 Air Magic
 + Level 2.0 Earth Magic
 + Level 2.0 Poison Magic
 + Level 2.7 Invocations
 + Level 2.4 Evocations


You had 13 spell levels left.
You knew the following spells:

 Your Spells              Type           Power      Damage    Failure   Level
a - Necrotise             Necr           100%       1d9       1%          1
b - Vampiric Draining     Necr           28%        2d8       1%          3

Your spell library contained the following spells:

 Spells                   Type           Power      Damage    Failure   Level
 Animate Dead             Necr           28%        N/A       7%          4
 Agony                    Necr           28%        N/A       19%         5


Dungeon Overview and Level Annotations

Branches:
Dungeon (4/15)
 Temple: D:4-7

Altars:
Ashenzari


Innate Abilities, Weirdness & Mutations

You have very sharp teeth.
Your uncanny sense of smell can sniff out nearby items.
Your experience applies equally to all skills.


Message History

The dead are slithering!
You closely miss the wight. Your punch misses the wight.
Blork hits the wight but does no damage.
The wight hits you from afar with a +3 spear of freezing!
The wight freezes you. The wight closely misses you.
Your adder skeleton barely misses the wight.
You hit the wight but do no damage.
The wight hits you from afar with a +3 spear of freezing.
You feel drained. The wight freezes you. The wight misses you.
The wight hits your adder skeleton with a +0 mace!
Your adder skeleton bites the wight.
Blork hits the wight.
You hit the wight but do no damage. Your bite misses the wight.
The wight is lightly damaged.
Your adder skeleton closely misses the wight.
The wight barely misses you. x2
The wight hits your adder skeleton with a +0 mace!
Your adder skeleton is destroyed!
Blork hits the wight but does no damage.
You hit the wight but do no damage. Your bite misses the wight.
The wight is lightly damaged.
The wight hits you with a +0 scimitar!
* * * LOW HITPOINT WARNING * * *
You feel drained.
* * * LOW HITPOINT WARNING * * *
The wight hits Blork with a +0 mace!
The wight closely misses you.
Blork barely misses the wight.
The wight barely misses Blork.
The wight attacks as you move away! The wight closely misses you.
Blork closely misses the wight.
As you read the scroll labelled ETIPTO BASHUPH, it crumbles to dust.
It is a scroll of amnesia.
Really abort (and waste the scroll)?
Okay, then.
The wight hits you from afar with a +3 spear of freezing!
* * * LOW HITPOINT WARNING * * *
The wight freezes you.
* * * LOW HITPOINT WARNING * * *
The wight closely misses you.
It was a potion of haste.
You feel yourself speed up. The wight hits you with a +0 scimitar!
You die...

....z ... ##'#########
#.)......'. +........#
#........# #..zzZ...#
#....z...# ∆ #....@...# ∆
..#........#
.#+#####'##+###..## #######
..............#..########......
...)....<.....#...#.....#......
..............#...#.....#......
..............#...#.....'......
..............#...#.....#......
..............'...#.....#......


You could see 3 wights and the friendly Blork the orc skeleton.

Vanquished Creatures
  Sigmund (D:3)
  A phantom (D:4)
  Blork the orc (D:4)
  A scorpion (D:3)
  Jessica (D:2)
  5 adders
  2 gnolls (D:2)
  2 worms (D:3)
  A dart slug (D:2)
  3 ball pythons
  5 bats
  3 endoplasms
  2 giant cockroaches
  7 goblins
  6 hobgoblins
  3 jackals (D:3)
  5 quokkas
  2 frilled lizards
  6 kobolds
  9 rats
66 creatures vanquished.

Vanquished Creatures (collateral kills)
  A gnoll (D:2)
  2 dart slugs
  A goblin (D:1)
  A ball python (D:1)
  A frilled lizard (D:1)
6 creatures vanquished.

Vanquished Creatures (others)
  2 plants (D:3)
2 creatures vanquished.

Grand Total: 74 creatures vanquished

Notes
Turn   | Place    | Note
-------+----------+-------------------------------------------
     0 | D:1      | night the Gnoll Necromancer began the quest for the Orb.
     0 | D:1      | Reached XP level 1. HP: 13/13 MP: 6/6
   127 | D:1      | Reached XP level 2. HP: 17/19 MP: 5/7
   386 | D:1      | Reached skill level 5 in Spellcasting
   386 | D:1      | Reached XP level 3. HP: 25/25 MP: 3/9
   705 | D:2      | Reached skill level 1 in Invocations
   858 | D:2      | Reached skill level 1 in Fighting
   858 | D:2      | Reached skill level 1 in Short Blades
   858 | D:2      | Reached skill level 1 in Long Blades
   858 | D:2      | Reached skill level 1 in Axes
   858 | D:2      | Reached skill level 1 in Maces & Flails
   858 | D:2      | Reached skill level 1 in Polearms
   858 | D:2      | Reached skill level 1 in Staves
   858 | D:2      | Reached skill level 1 in Ranged Weapons
   858 | D:2      | Reached skill level 1 in Throwing
   858 | D:2      | Reached skill level 1 in Armour
   858 | D:2      | Reached skill level 1 in Shields
   858 | D:2      | Reached skill level 1 in Unarmed Combat
   858 | D:2      | Reached skill level 1 in Evocations
   948 | D:2      | Reached XP level 4. HP: 32/32 MP: 7/11
  1052 | D:2      | Reached skill level 1 in Conjurations
  1052 | D:2      | Reached skill level 1 in Hexes
  1052 | D:2      | Reached skill level 1 in Summonings
  1052 | D:2      | Reached skill level 1 in Translocations
  1052 | D:2      | Reached skill level 1 in Transmutations
  1052 | D:2      | Reached skill level 1 in Fire Magic
  1052 | D:2      | Reached skill level 1 in Ice Magic
  1052 | D:2      | Reached skill level 1 in Air Magic
  1052 | D:2      | Reached skill level 1 in Earth Magic
  1052 | D:2      | Reached skill level 1 in Poison Magic
  1555 | D:2      | Reached XP level 5. HP: 37/37 MP: 12/12
  1601 | D:2      | Noticed Jessica
  1605 | D:2      | Killed Jessica
  1950 | D:3      | Found a faded altar of an unknown god.
  2037 | D:3      | Noticed Sigmund
  2043 | D:3      | Learned a level 3 spell: Vampiric Draining
  2098 | D:3      | Killed Sigmund
  2099 | D:3      | Reached skill level 2 in Fighting
  2099 | D:3      | Reached skill level 2 in Short Blades
  2099 | D:3      | Reached skill level 2 in Long Blades
  2099 | D:3      | Reached skill level 2 in Axes
  2099 | D:3      | Reached skill level 2 in Maces & Flails
  2099 | D:3      | Reached skill level 2 in Polearms
  2099 | D:3      | Reached skill level 2 in Staves
  2099 | D:3      | Reached skill level 2 in Ranged Weapons
  2099 | D:3      | Reached skill level 2 in Throwing
  2099 | D:3      | Reached skill level 2 in Armour
  2099 | D:3      | Reached skill level 5 in Dodging
  2099 | D:3      | Reached skill level 2 in Shields
  2099 | D:3      | Reached skill level 2 in Unarmed Combat
  2099 | D:3      | Reached skill level 2 in Invocations
  2099 | D:3      | Reached skill level 2 in Evocations
  2099 | D:3      | Reached XP level 6. HP: 43/44 MP: 10/14
  2259 | D:3      | Found a broken altar of Ashenzari.
  2266 | D:3      | Saw a vision of the Swamp and the Snake Pit.
  2266 | D:3      | Noticed a vampire mosquito
  2266 | D:3      | Noticed a vampire mosquito
  2266 | D:3      | Noticed a black mamba
  2266 | D:3      | Noticed a swamp drake
  2266 | D:3      | Noticed a black mamba
  2266 | D:3      | Noticed a will-o-the-wisp
  2266 | D:3      | Noticed a naga ritualist
  2266 | D:3      | Noticed a vampire mosquito
  2266 | D:3      | Noticed a vampire mosquito
  2266 | D:3      | Noticed a naga ritualist
  2266 | D:3      | Noticed a black mamba
  2266 | D:3      | Noticed a black mamba
  2266 | D:3      | Noticed a vampire mosquito
  2266 | D:3      | Noticed a vampire mosquito
  2266 | D:3      | Noticed a vampire mosquito
  2266 | D:3      | Noticed a naga
  2266 | D:3      | Noticed a black mamba
  2267 | D:3      | Noticed a will-o-the-wisp
  2267 | D:3      | Noticed a naga mage
  2267 | D:3      | Noticed a vampire mosquito
  2270 | D:3      | Became a worshipper of Ashenzari the Shackled
  2795 | D:4      | Reached XP level 7. HP: 28/51 MP: 15/15
  3035 | D:4      | Noticed Blork the orc
  3042 | D:4      | Killed Blork the orc
  3043 | D:4      | Reached skill level 2 in Conjurations
  3043 | D:4      | Reached skill level 2 in Hexes
  3043 | D:4      | Reached skill level 2 in Summonings
  3043 | D:4      | Reached skill level 2 in Translocations
  3043 | D:4      | Reached skill level 2 in Transmutations
  3043 | D:4      | Reached skill level 2 in Fire Magic
  3043 | D:4      | Reached skill level 2 in Ice Magic
  3043 | D:4      | Reached skill level 2 in Air Magic
  3043 | D:4      | Reached skill level 2 in Earth Magic
  3043 | D:4      | Reached skill level 2 in Poison Magic
  3052 | D:4      | HP: 3/48 [wight/+3 spear of freezing (7)]
  3052 | D:4      | HP: 1/48 [wight/+3 spear of freezing (2)]
  3053 | D:4      | Mangled by a wight

Illustrated notes

Levels and vault maps discovered:
D:1:      dpeg_arrival_rooms_with_view, layout_rooms, minmay_pentomino_v4
D:2:      layout_loops_ring, uniq_jessica
D:3:      layout_rooms, grunt_ashenzari_visionary
          [grunt_ashenzari_visionary_swamp, grunt_ashenzari_visionary_snake],
          shapermc_ecumenical_altar_gd, uniq_sigmund
D:4:      layout_gridville, nicolae_uskayaw_murder_on_the_dancefloor,
          makhleb_blood_cavern_becter, xom_butterflies, uniq_blork_the_orc

Skill      XL: |  1  2  3  4  5  6  7 |
---------------+----------------------+-----
Spellcasting   | 5 |  5.6
Invocations    | 1 2 |  2.7
Fighting       | 1 2 |  2.4
Short Blades   | 1 2 |  2.4
Long Blades    | 1 2 |  2.4
Axes           | 1 2 |  2.4
Maces & Flails | 1 2 |  2.4
Polearms       | 1 2 |  2.4
Staves         | 1 2 |  2.4
Ranged Weapons | 1 2 |  2.4
Throwing       | 1 2 |  2.4
Armour         | 1 2 |  2.4
Shields        | 1 2 |  2.4
Unarmed Combat | 1 2 |  2.4
Evocations     | 1 2 |  2.4
Conjurations   | 1 2 |  2.0
Hexes          | 1 2 |  2.0
Summonings     | 1 2 |  2.0
Translocations | 1 2 |  2.0
Transmutations | 1 2 |  2.0
Fire Magic     | 1 2 |  2.0
Ice Magic      | 1 2 |  2.0
Air Magic      | 1 2 |  2.0
Earth Magic    | 1 2 |  2.0
Poison Magic   | 1 2 |  2.0
Dodging        | 5 |  5.2
Stealth        | |  4.9
Necromancy     | |  7.4

Action                   |  1- 3 |  4- 6 |  7- 9 || total
-------------------------+-------+-------+-------++-------
Melee: Short sword       |    13 |    66 |     4 ||    83
       Bite              |       |     6 |       ||     6
       Punch             |       |     1 |       ||     1
Throw: Dart              |       |     2 |       ||     2
 Cast: Necrotise         |    36 |    50 |     9 ||    95
       Vampiric Draining |       |     3 |       ||     3
Evoke: Wand              |       |     2 |       ||     2
  Use: Scroll            |       |       |     1 ||     1
       Potion            |       |       |     1 ||     1
 Stab: Sleeping          |     4 |     3 |       ||     7
Armor: Robe              |     4 |     7 |       ||    11
Dodge: Dodged            |    15 |    60 |     7 ||    82

Table legend: (Time is in decaauts)
 A = Elapsed time spent in this place.
 B = Non-inter-level travel time spent in this place.
 C = Inter-level travel time spent in this place.
 D = Time resting spent in this place.
 E = Time spent auto-exploring this place.
 F = Levels seen in this place.
 G = Mean time per level.
                   A        B        C        D        E       F      G
               +--------+--------+--------+--------+--------+-----+--------+
         Total |   3051 |   2936 |    115 |      0 |   2376 |   4 |  762.8 |
       Dungeon |   3051 |   2936 |    115 |      0 |   2376 |   4 |  762.8 |
               +--------+--------+--------+--------+--------+-----+--------+

Top non-repeatable levels by time:
     D:2: 1173 daAuts
     D:3: 866 daAuts
     D:1: 701 daAuts
     D:4: 310 daAuts
